 Dungeon Crawl Stone Soup version 0.24.1-8-ga250c9d538 (webtiles) character file.

Game seed: 17642002897791741482, levelgen mode: deterministic

130 Peloso the Covered (level 4, 0/52 HPs)
             Began as a Demonspawn Fighter on May 8, 2020.
             Succumbed to an adder's poison
             ... on level 3 of the Dungeon.
             The game lasted 00:03:36 (1860 turns).

Peloso the Covered (Demonspawn Fighter)             Turns: 1860, Time: 00:03:37

Health: 0/52       AC: 22    Str: 17      XL:     4   Next: 90%
Magic:  4/4        EV:  2    Int:  8 (9)  God:
Gold:   93         SH:  8    Dex: 10 (13) Spells: 3/3 levels left

rFire    + . .     SeeInvis .   a - +0 long sword
rCold    + . .     Gourm    .   c - +0 shield
rNeg     + + +     Faith    .   (armour currently unavailable)
rPois    +         Spirit   .   (helmet currently unavailable)
rElec    .         Reflect  .   (cloak currently unavailable)
rCorr    .         Harm     .   (gloves currently unavailable)
MR       .....     NoTele   +   (boots currently unavailable)
Stlth    ++........             (no amulet)
HPRegen  0.17/turn              e - ring of protection from fire
MPRegen  0.09/turn              g - ring of protection from cold (curse)

@: lethally poisoned (0 -> -2), tree-form, starving, hasted, very quick
A: nightstalker 1
a: no special abilities


You were on level 3 of the Dungeon.
You were starving.
You were a tree.
You visited 1 branch of the dungeon, and saw 3 of its levels.

You collected 93 gold pieces.

Inventory:

Hand Weapons
 a - a +0 long sword (weapon)
Armour
 b - a +0 scale mail (melded)
 c - a +0 shield (worn)
 m - a cursed +0 pair of gloves (melded)
 p - a +0 cloak (melded)
Jewellery
 e - a ring of protection from fire (left branch)
 g - a cursed ring of protection from cold (right branch)
Scrolls
 h - 2 scrolls of identify {unknown}
 i - a scroll of noise {unknown}
 j - a scroll of enchant armour {unknown}
 q - a scroll of fear {unknown}
 r - a scroll of remove curse {unknown}
Potions
 d - a potion of might
Comestibles
 f - 4 rations


   Skills:
 + Level 3.4 Fighting
 + Level 2.7 Long Blades
 + Level 3.6 Armour
 + Level 1.2 Dodging
 + Level 0.1 Stealth
 + Level 3.2 Shields


You had 3 spell levels left.
You didn't know any spells.
Your spell library was empty.

Dungeon Overview and Level Annotations

Branches:
Dungeon (3/15)

Altars:
Fedhas
Vehumet
The Shining One


Innate Abilities, Weirdness & Mutations

You are slightly more attuned to the shadows.


Message History

You closely miss the adder.
The adder is moderately wounded.
The adder bites you but does no damage.
You closely miss the adder.
The adder is moderately wounded.
You block the adder's attack.
You hit the adder.
The adder is severely wounded.
* * * LOW HITPOINT WARNING * * *
You feel sick.
The adder bites you but does no damage. x2
Your shield prevents you from hitting the adder.
The adder is severely wounded.
The adder bites you but does no damage.
You miss the adder.
The adder is severely wounded.
You block the adder's attack.
You hit the adder.
You kill the adder!
You feel your intelligence returning.
You die...

..... ....
...#### .....
...# .. ...#
#..#
#.##).#####..#
#...♣........
####...#.##.#
........#.##.#
...###...<.÷.#
#.
##.#.##.......
...#.##.###.##
#####.##.#
#.##.# P≈P...


There were no monsters in sight!

Vanquished Creatures
  A bullfrog (D:3)
  2 adders (D:3)
  3 leopard geckos
  An orc (D:3)
  A ball python (D:1)
  10 bats
  2 giant cockroaches
  5 goblins
  6 hobgoblins
  2 kobolds (D:1)
  4 frilled lizards
  6 rats
43 creatures vanquished.

Notes
Turn   | Place    | Note
-------+----------+-------------------------------------------
     0 | D:1      | Peloso the Demonspawn Fighter began the quest for the Orb.
     0 | D:1      | Reached XP level 1. HP: 18/18 MP: 1/1
    69 | D:1      | Gained mutation: You are slightly more attuned to the
                  | shadows. [demonic ancestry]
    69 | D:1      | Reached XP level 2. HP: 9/24 MP: 2/2
   514 | D:1      | Reached XP level 3. HP: 25/29 MP: 3/3
   941 | D:2      | Found a glowing golden altar of the Shining One.
   943 | D:2      | Found a blossoming altar of Fedhas.
  1028 | D:2      | Found a radiant altar of Vehumet.
  1240 | D:3      | Noticed a bullfrog
  1807 | D:3      | HP: 1/29 [bullfrog (2)]
  1811 | D:3      | Killed a bullfrog
  1811 | D:3      | Reached skill level 1 in Dodging
  1811 | D:3      | Reached XP level 4. HP: 34/35 MP: 4/4
  1853 | D:3      | HP: 2/52 [poisoned by an adder]
  1860 | D:3      | Succumbed to an adder's poison

Levels and vault maps discovered:
D:1:      dpeg_arrival_simpleton_b, layout_basic
D:2:      layout_basic, nicolae_overflow_hidden_temple,
          grunt_temple_overflow_open
D:3:      layout_loops_cross, serial_bayou, serial_bayou_pond_d,
          serial_bayou_pond_d, serial_bayou_lagoon_a, serial_bayou_pond_a,
          first_ration, uniq_terence

Skill      XL: |  1  2  3 |
---------------+----------+-----
Armour         | 3 |  3.6
Long Blades    | 2 |  2.7
Shields        | 3 |  3.2
Dodging        | 1 |  1.2
Fighting       | |  3.4
Stealth        | |  0.1

Action                   |  1- 3 |  4- 6 || total
-------------------------+-------+-------++-------
Melee: Long sword        |   160 |    39 ||   199
  Use: Potion            |     3 |     2 ||     5
  Eat: Chunk             |     1 |       ||     1
Armor: Scale mail        |   102 |    25 ||   127
       Skin              |       |     6 ||     6
Dodge: Dodged            |    66 |    19 ||    85
Block: Shield            |   110 |    28 ||   138
       Rpst.: Long sword |    20 |     7 ||    27
